 Dungeon Crawl Stone Soup version 0.26.1-11-gd32895ea62 (webtiles) character file.

Game seed: 7247707809826525481

78 seveneves the Slasher (level 4, -1/40 HPs)
             Began as a Draconian Berserker on July 16, 2021.
             Was a Believer of Trog.
             Killed by divine providence
             ... invoked by an orc priest
              (15 damage)
             ... on level 2 of the Dungeon.
             The game lasted 00:04:49 (727 turns).

seveneves the Slasher (Draconian Berserker)          Turns: 727, Time: 00:04:50

Health: -1/40      AC:  5    Str: 20    XL:     4   Next: 15%
Magic:  4/4        EV: 13    Int:  8    God:    Trog [**....]
Gold:   60         SH:  0    Dex: 10    Spells: 3/3 levels left

rFire    . . .     SeeInvis .   a - +1 falchion
rCold    . . .     Faith    .   (no shield)
rNeg     . . .     Spirit   .   (armour unavailable)
rPois    .         Reflect  .   (helmet restricted)
rElec    .         Harm     .   (no cloak)
rCorr    .         Rampage  .   (no gloves)
Will     .....                  (no boots)
Stlth    +.........             (no amulet)
HPRegen  0.13/turn              (no ring)
MPRegen  0.09/turn              (no ring)

@: no status effects
A: unfitting armour, cold-blooded, AC +5
a: Renounce Religion, Berserk, Trog's Hand


You were on level 2 of the Dungeon.
You worshipped Trog.
Trog was pleased with you.
You visited 1 branch of the dungeon, and saw 2 of its levels.

You collected 60 gold pieces.

Inventory:

Hand Weapons
 a - a +1 falchion (weapon)
 k - a +1 dagger of draining
Armour
 d - a +0 robe
Scrolls
 e - a scroll of magic mapping
 f - a scroll of fog {unknown}
 h - a scroll of enchant armour {unknown}
 j - a scroll of amnesia {unknown}
 l - a scroll of identify {unknown}
Potions
 b - a potion of flight {unknown}
 c - a potion of heal wounds {unknown}
 g - 3 potions of curing {unknown}
 i - a potion of cancellation {unknown}


   Skills:
 + Level 3.8 Fighting
 + Level 4.3 Long Blades
 + Level 3.1 Dodging


You had 3 spell levels left.
You didn't know any spells.
Your spell library was empty.

Dungeon Overview and Level Annotations

Branches:
Dungeon (2/15)

Altars:


Innate Abilities, Weirdness & Mutations

Your plain brown scales are hard. (AC +5)
You cannot fit into any form of body armour.
You are cold-blooded and may be slowed by cold attacks.


Message History

You feel a bit more experienced.
You have reached level 4!
You feel clever.
You barely miss the orc. The orc closely misses you.
You riposte.
You closely miss the orc. You hit the orc.
The orc is lightly wounded.
The orc misses you.
You hit the orc.
The orc is heavily wounded.
The orc hits you.
You barely miss the orc.
The orc is heavily wounded.
The orc barely misses you.
You hit the orc.
You kill the orc!
Trog accepts your kill.
The orc priest calls down the wrath of Beogh upon you.
Beogh smites you!
You die...

#.# #..# ##.
#.###..#####..
#............# #
#.####.#####..
#.######.###...# ...
#.....†..............
####.....###...##..(.
#.###.# ##.###.###
#@# #... ... .. #[#
######.###. #o# #.#
#.. ##. .# .# .#


You could see an orc priest.

Vanquished Creatures
  An orc wizard (D:2)
  An adder (D:2)
  2 oozes (D:1)
  An adder zombie (D:1)
  2 orcs (D:2)
  5 bats (D:1)
  A bat zombie (D:1)
  2 giant cockroaches (D:1)
  4 goblins (D:1)
  2 hobgoblins (D:1)
  A ball python (D:1)
  2 frilled lizards (D:1)
  2 kobolds (D:1)
  5 rats
31 creatures vanquished.

Notes
Turn   | Place    | Note
-------+----------+-------------------------------------------
     0 | D:1      | seveneves the Draconian Berserker began the quest for the
                  | Orb.
     0 | D:1      | Reached XP level 1. HP: 19/19 MP: 1/1
    65 | D:1      | Reached XP level 2. HP: 25/26 MP: 2/2
   243 | D:1      | Reached ** piety under Trog
   368 | D:1      | Reached XP level 3. HP: 33/33 MP: 3/3
   704 | D:2      | Reached skill level 4 in Long Blades
   723 | D:2      | Reached XP level 4. HP: 17/40 MP: 4/4
   727 | D:2      | Killed from afar by an orc priest

Illustrated notes

Levels and vault maps discovered:
D:1:      saegor_arrival_fortress, layout_basic, ebering_dispersal_statue_hall
D:2:      cheibrodos_helix_gallery, layout_loops_ring, bloody_trog

Skill      XL: |  1  2  3 |
---------------+----------+-----
Dodging        | 3 |  3.1
Long Blades    | 4 |  4.3
Fighting       | |  3.8

Action                   |  1- 3 |  4- 6 || total
-------------------------+-------+-------++-------
Melee: Falchion          |    76 |     5 ||    81
       Tailslap          |    18 |       ||    18
  Use: Scroll            |     3 |       ||     3
Armor: Skin              |    24 |       ||    24
Dodge: Dodged            |    54 |     3 ||    57
       Rpst.: Falchion   |    26 |     1 ||    27
